[Event "ICC tourney 2394 (75 10)"]
[Site "Internet Chess Club"]
[Date "2021.02.20"]
[Round "1"]
[White "thanhcaptures"]
[Black "vsmurthy"]
[Result "1-0"]
[ICCResult "Black checkmated"]
[WhiteElo "1130"]
[BlackElo "204"]
[Opening "Two knights defense"]
[ECO "C55"]
[NIC "KP.02"]
[Time "11:02:46"]
[PlyCount "41"]
[TimeControl "4500+10"]

1. e4 e5 2. Nf3 Nc6 3. Bc4 Nf6 4. d4 exd4 5. O-O d5 6. exd5 Nxd5 7. Ng5 Qe7
8. Bxd5 Be6 9. Re1 Nd8 10. Qxd4 c6 11. Bb3 c5 12. Qa4+ Qd7 13. Nxe6 fxe6
14. Qg4 Bd6 15. Bxe6 Nxe6 16. Rxe6+ Be7 17. Nc3 g6 18. Bg5 h5 19. Qe4 Rd8
20. Rxe7+ Qxe7 21. Qxe7# { Black checkmated } 1-0

[Event "ICC tourney 2394 (75 10)"]
[Site "Internet Chess Club"]
[Date "2021.02.20"]
[Round "1"]
[White "kstao17"]
[Black "SunnyDays0"]
[Result "0-1"]
[ICCResult "White resigns"]
[WhiteElo "721"]
[BlackElo "1220"]
[Opening "French: exchange variation"]
[ECO "C01"]
[NIC "FR.01"]
[Time "11:02:54"]
[PlyCount "96"]
[TimeControl "4500+10"]

1. e4 e6 2. d4 d5 3. exd5 exd5 4. Nc3 Nf6 5. Nf3 Bf5 6. Bf4 Bd6 7. Bxd6
Qxd6 8. Bd3 Bxd3 9. Qxd3 O-O 10. O-O Re8 11. Rfe1 Nbd7 12. Rxe8+ Rxe8 13.
Re1 Rxe1+ 14. Nxe1 Ng4 15. g3 c5 16. dxc5 Qxc5 17. Qe2 Ndf6 18. Nd3 Qc6 19.
Nb4 Qe6 20. Qxe6 fxe6 21. Nd3 Kf7 22. Ne2 Ke7 23. h3 Nh6 24. Kg2 Kd6 25.
Ng1 e5 26. f3 e4 27. fxe4 dxe4 28. Nf2 Ke5 29. Ne2 Nf5 30. g4 Ne3+ 31. Kg1
Nxc2 32. Ng3 e3 33. Nd3+ Kd4 34. Nf4 Nd5 35. Nxd5 Kxd5 36. Ne2 Ke4 37. Kg2
Nd4 38. Nxd4 Kxd4 39. Kf1 Kd3 40. Ke1 Kc2 41. Ke2 Kxb2 42. Kxe3 Kxa2 43.
Kd4 Kb3 44. Kd3 a5 45. h4 a4 46. Kd2 a3 47. Kc1 a2 48. Kd2 a1=Q { White
resigns } 0-1

[Event "ICC tourney 2394 (75 10)"]
[Site "Internet Chess Club"]
[Date "2021.02.20"]
[Round "1"]
[White "PawnPrincess"]
[Black "sstao17"]
[Result "1-0"]
[ICCResult "Black resigns"]
[WhiteElo "1200"]
[BlackElo "633"]
[Opening "French: exchange variation"]
[ECO "C01"]
[NIC "FR.01"]
[Time "11:03:39"]
[PlyCount "97"]
[TimeControl "4500+10"]

1. e4 e6 2. d4 d5 3. exd5 exd5 4. Nc3 Nf6 5. Nf3 Nc6 6. Bg5 Be7 7. Bb5 Bd7
8. Ba4 h6 9. Bh4 O-O 10. O-O Qe8 11. Bxf6 Bxf6 12. Nxd5 Bd8 13. Re1 Be6 14.
Nxc7 Bxc7 15. d5 Bxd5 16. Rxe8 Raxe8 17. Qxd5 Re6 18. Nd4 Nxd4 19. Qxd4 b6
20. Bb3 Re7 21. Qc3 Be5 22. Qb4 Rfe8 23. Re1 Bf6 24. Rxe7 Rxe7 25. h3 Re8
26. Qc4 Re1+ 27. Kh2 Be5+ 28. g3 Bxb2 29. Qxf7+ Kh7 30. Qf5+ Kh8 31. Qc8+
Kh7 32. Qg8+ Kg6 33. c4 Re7 34. Bc2+ Kf6 35. Qf8+ Rf7 36. Qd6+ Kg5 37. h4+
Kg4 38. Bd1+ Kf5 39. Qf4+ Ke6 40. Qe3+ Kf6 41. c5 Re7 42. Qf3+ Ke6 43. Bb3+
Kd7 44. Qb7+ Ke8 45. Ba4+ Kf7 46. Bb3+ Kf6 47. Qf3+ Ke5 48. Qe2+ Kf6 49.
Qxb2+ { Black resigns } 1-0

[Event "ICC tourney 2394 (75 10)"]
[Site "Internet Chess Club"]
[Date "2021.02.20"]
[Round "1"]
[White "MeLikeGame"]
[Black "ChessMaster346"]
[Result "1-0"]
[ICCResult "Black checkmated"]
[WhiteElo "1341"]
[BlackElo "1016"]
[Opening "Two knights defense"]
[ECO "C55"]
[NIC "IG.01"]
[Time "11:02:50"]
[PlyCount "135"]
[TimeControl "4500+10"]

1. e4 e5 2. Nf3 Nc6 3. Bc4 Nf6 4. d4 Nxe4 5. O-O d5 6. Bb5 Bd7 7. Bxc6 Bxc6
8. Nxe5 Bd6 9. Nxc6 bxc6 10. Nd2 O-O 11. Nxe4 dxe4 12. Re1 Re8 13. c3 Qh4
14. g3 Qf6 15. Qc2 Qf3 16. Re3 Qf5 17. Bd2 c5 18. Rae1 cxd4 19. cxd4 c5 20.
dxc5 Bxc5 21. R3e2 Rac8 22. Qa4 h6 23. Be3 Bxe3 24. Rxe3 Re7 25. Rxe4 Rxe4
26. Qxe4 Qxe4 27. Rxe4 Rc1+ 28. Kg2 Rc2 29. Rb4 g5 30. Rb7 a5 31. Ra7 Rxb2
32. Rxa5 g4 33. Ra4 h5 34. Kf1 Kg7 35. Ra6 f6 36. a4 Ra2 37. Ra8 Kf7 38. a5
Ke7 39. a6 Kd7 40. a7 Kc7 41. Rh8 Rxa7 42. Rh7+ Kb6 43. Rxa7 Kxa7 44. Ke2
Kb7 45. Ke3 Kc7 46. Kf4 Kd7 47. Kf5 Ke7 48. Kg6 Ke6 49. Kxh5 Kf5 50. Kh4
Ke4 51. Kxg4 f5+ 52. Kg5 Kf3 53. Kxf5 Kxf2 54. g4 Kg2 55. g5 Kxh2 56. g6
Kh3 57. g7 Kg3 58. g8=Q+ Kf3 59. Qg4+ Ke3 60. Qf4+ Kd3 61. Qe4+ Kc3 62. Ke5
Kb3 63. Qd4 Kc2 64. Ke4 Kb3 65. Kd3 Ka3 66. Qb6 Ka4 67. Kc2 Ka3 68. Qb3# {
Black checkmated } 1-0

[Event "ICC tourney 2394 (75 10)"]
[Site "Internet Chess Club"]
[Date "2021.02.20"]
[Round "1"]
[White "VN10"]
[Black "BotanicalKnight"]
[Result "1-0"]
[ICCResult "Black resigns"]
[WhiteElo "1046"]
[BlackElo "1386"]
[Opening "Caro-Kann: exchange variation"]
[ECO "B13"]
[NIC "CK.02"]
[Time "11:02:51"]
[PlyCount "54"]
[TimeControl "4500+10"]

1. e4 c6 2. d4 d5 3. exd5 Qxd5 4. Nc3 Qd8 5. Nf3 Bg4 6. Bc4 e6 7. Be3 Nf6
8. h3 Bh5 9. g4 Bg6 10. Ne5 Nbd7 11. Nxg6 hxg6 12. Qf3 Bb4 13. Bg5 Qa5 14.
Bd2 Qc7 15. a3 Bd6 16. O-O-O b5 17. Bxb5 Nd5 18. Nxd5 cxd5 19. Bxd7+ Qxd7
20. Rde1 O-O 21. g5 Qa4 22. Bc3 Rfc8 23. h4 Rc6 24. h5 Rac8 25. hxg6 fxg6
26. Rh8+ Kxh8 27. Qf7 Bf4+ { Black resigns } 1-0

[Event "ICC tourney 2394 (75 10)"]
[Site "Internet Chess Club"]
[Date "2021.02.20"]
[Round "1"]
[White "arjunsaravanan"]
[Black "ggmurthy"]
[Result "1-0"]
[ICCResult "Black resigns"]
[WhiteElo "1188"]
[BlackElo "564"]
[Opening "English opening"]
[ECO "A22"]
[NIC "EO.10"]
[Time "11:02:53"]
[PlyCount "83"]
[TimeControl "4500+10"]

1. c4 e5 2. Nc3 Nf6 3. d3 d5 4. cxd5 Nxd5 5. Nf3 Nc6 6. Qb3 Nf6 7. Ng5 Qe7
8. g3 h6 9. Nf3 Be6 10. Qxb7 Rd8 11. Qxc6+ Qd7 12. Qxd7+ Rxd7 13. Nxe5 Rd8
14. Bg2 Bd6 15. Nc6 Ra8 16. Nd4 Rc8 17. Nxe6 fxe6 18. Bc6+ Ke7 19. Ne4 Bb4+
20. Bd2 Bxd2+ 21. Kxd2 Nxe4+ 22. Bxe4 Rb8 23. b3 Kd7 24. Rac1 Rb6 25. Rc3
Rhb8 26. Rhc1 c6 27. Rxc6 Rxc6 28. Bxc6+ Kd6 29. Be4 Rb5 30. Rc6+ Kd7 31.
Ra6 Kc8 32. Rxa7 Kb8 33. Rb7+ Rxb7 34. Bxb7 Kxb7 35. Kc3 g5 36. h4 gxh4 37.
gxh4 h5 38. Kd4 Kc7 39. Ke5 Kd7 40. d4 Ke7 41. d5 exd5 42. Kxd5 { Black
resigns } 1-0

[Event "ICC tourney 2394 (75 10)"]
[Site "Internet Chess Club"]
[Date "2021.02.20"]
[Round "1"]
[White "evelynhuang"]
[Black "alexanderllanos"]
[Result "0-1"]
[ICCResult "White checkmated"]
[WhiteElo "772"]
[BlackElo "1240"]
[Opening "Caro-Kann: exchange variation"]
[ECO "B13"]
[NIC "CK.02"]
[Time "11:03:31"]
[PlyCount "64"]
[TimeControl "4500+10"]

1. e4 c6 2. d4 d5 3. exd5 cxd5 4. Nc3 Bf5 5. Nf3 e6 6. Bb5+ Nd7 7. O-O a6
8. Bd3 Bxd3 9. Qxd3 Ngf6 10. Bg5 Be7 11. Rfe1 O-O 12. Rad1 Ne8 13. Bxe7
Qxe7 14. h3 Qd8 15. Qe3 Nd6 16. Ng5 Nc4 17. Qg3 h6 18. Nf3 Nf6 19. Ne5 Rc8
20. Nxc4 Rxc4 21. Rd3 Ne4 22. Nxe4 dxe4 23. Rxe4 Rxc2 24. Rg4 g5 25. h4 f5
26. hxg5 fxg4 27. gxh6 Rc1+ 28. Kh2 Qc7 29. Re3 Rxf2 30. Rxe6 Rh1+ 31. Kxh1
Qxg3 32. Kg1 Qxg2# { White checkmated } 0-1

[Event "ICC tourney 2394 (75 10)"]
[Site "Internet Chess Club"]
[Date "2021.02.20"]
[Round "1"]
[White "Shashank8"]
[Black "BlackBeltJ"]
[Result "0-1"]
[ICCResult "White checkmated"]
[WhiteElo "495"]
[BlackElo "1180"]
[Opening "English opening"]
[ECO "A10"]
[NIC "EO.64"]
[Time "11:02:54"]
[PlyCount "52"]
[TimeControl "4500+10"]

1. c4 d5 2. cxd5 Nf6 3. Nc3 Nxd5 4. Nxd5 Qxd5 5. Nf3 Nc6 6. h3 Bf5 7. e3
Nb4 8. Qa4+ Nc6 9. Nd4 O-O-O 10. Nxf5 Qxf5 11. Be2 e6 12. O-O h5 13. d4 g5
14. Rd1 g4 15. hxg4 hxg4 16. Bd3 Qh5 17. Kf1 g3 18. Ke1 gxf2+ 19. Kxf2 Bd6
20. Bd2 Qh4+ 21. Ke2 Qg4+ 22. Kf2 Bg3+ 23. Kg1 Bh2+ 24. Kf1 Rdg8 25. Bb4
Qxg2+ 26. Ke1 Bg3# { White checkmated } 0-1

[Event "ICC tourney 2394 (75 10)"]
[Site "Internet Chess Club"]
[Date "2021.02.20"]
[Round "1"]
[White "OliverHsiao"]
[Black "srikarl99"]
[Result "1-0"]
[ICCResult "Black checkmated"]
[WhiteElo "1232"]
[BlackElo "749"]
[Opening "Giuoco Piano"]
[ECO "C54"]
[NIC "IG.02"]
[Time "11:03:29"]
[PlyCount "83"]
[TimeControl "4500+10"]

1. e4 e5 2. Nf3 Nc6 3. Bc4 Bc5 4. c3 Nf6 5. d3 d6 6. h3 h6 7. O-O O-O 8.
Nbd2 Be6 9. b4 Bb6 10. a4 a5 11. b5 Na7 12. Qb3 Bxc4 13. Nxc4 c5 14. bxc6
Bc7 15. cxb7 Rb8 16. Be3 Nc6 17. Qb5 Qe8 18. Rab1 Qd7 19. Nfd2 d5 20. exd5
Qxd5 21. Qxd5 Nxd5 22. Ne4 Nxe3 23. fxe3 Nd8 24. Nc5 Ne6 25. Nd7 Rfd8 26.
Nxb8 Rxb8 27. d4 exd4 28. cxd4 Nd8 29. d5 Rxb7 30. Rxb7 Nxb7 31. Rb1 Nd6
32. Nxd6 Bxd6 33. Rb5 Bc7 34. d6 Bxd6 35. Rxa5 Bb4 36. Rb5 Bd6 37. a5 Bc7
38. a6 Bb6 39. Rxb6 Kh7 40. a7 f6 41. a8=Q g6 42. Rb7# { Black checkmated }
1-0

[Event "ICC tourney 2394 (75 10)"]
[Site "Internet Chess Club"]
[Date "2021.02.20"]
[Round "1"]
[White "kitook"]
[Black "aryasaravanan"]
[Result "0-1"]
[ICCResult "White resigns"]
[WhiteElo "659"]
[BlackElo "1214"]
[Opening "Sicilian: Najdorf"]
[ECO "B90"]
[NIC "SI.14"]
[Time "11:02:54"]
[PlyCount "66"]
[TimeControl "4500+10"]

1. e4 c5 2. Nf3 d6 3. d4 cxd4 4. Nxd4 Nf6 5. Nc3 a6 6. f3 e5 7. Nb3 Be7 8.
Be3 Be6 9. Bd3 Nc6 10. Qd2 d5 11. exd5 Bxd5 12. Nxd5 Nxd5 13. O-O-O Nxe3
14. Rde1 Nc4 15. Qd1 N4a5 16. Nxa5 Qxa5 17. Kb1 O-O-O 18. Qe2 Qb6 19. c3 h5
20. Qe4 Rh6 21. Qf5+ Kb8 22. Qxf7 Rxd3 23. Qxg7 Rhd6 24. Qg8+ Rd8 25. Qc4
Rd2 26. Qb3 Qxb3 27. axb3 Rxg2 28. h4 Rf2 29. Rh3 Rf8 30. Re3 Rf4 31. Kc1
Rxh4 32. Rg3 Rh1+ 33. Rg1 Rxg1+ { White resigns } 0-1

[Event "ICC tourney 2394 (75 10)"]
[Site "Internet Chess Club"]
[Date "2021.02.20"]
[Round "1"]
[White "nikhilramkumar"]
[Black "VirginiaGuy"]
[Result "0-1"]
[ICCResult "White resigns"]
[WhiteElo "583"]
[BlackElo "1200"]
[Opening "Two knights defense (Modern bishop's opening)"]
[ECO "C55"]
[NIC "IG.01"]
[Time "11:02:48"]
[PlyCount "104"]
[TimeControl "4500+10"]

1. e4 e5 2. Nf3 Nc6 3. Bc4 Nf6 4. d3 Be7 5. O-O O-O 6. h3 d5 7. exd5 Nxd5
8. Bxd5 Qxd5 9. Nc3 Qd8 10. Re1 Bf6 11. Bd2 Bf5 12. Ne4 Be7 13. Bg5 Bxg5
14. Nexg5 Re8 15. Ne4 Rb8 16. Ng3 Bg6 17. Qd2 f5 18. Rad1 Qf6 19. Qg5 Kf7
20. Qxf6+ Kxf6 21. Kh2 Bf7 22. b3 Rbd8 23. a3 g5 24. Ne2 h5 25. Rg1 g4 26.
Nd2 Nd4 27. Nxd4 exd4 28. f3 Re2 29. Rge1 Rde8 30. Rxe2 Rxe2 31. fxg4 hxg4
32. hxg4 fxg4 33. Rf1+ Kg6 34. Ne4 Rxc2 35. Rf6+ Kg7 36. Rf4 Be6 37. Ng5
Bc8 38. Rxd4 Kg6 39. Ne4 Rb2 40. Rb4 a5 41. Rb5 b6 42. Rg5+ Kh6 43. Rb5 Ba6
44. Rd5 Rxb3 45. Nf2 Rxa3 46. Nxg4+ Kg6 47. Kh3 Bb7 48. Re5 Rxd3+ 49. Kh4
Rd4 50. Rg5+ Kf7 51. Rf5+ Ke7 52. Re5+ Kd6 { White resigns } 0-1

[Event "ICC tourney 2394 (75 10)"]
[Site "Internet Chess Club"]
[Date "2021.02.20"]
[Round "1"]
[White "DanielGuan"]
[Black "Maximusiv"]
[Result "1-0"]
[ICCResult "Black resigns"]
[WhiteElo "1286"]
[BlackElo "932"]
[Opening "Budapest: Adler variation"]
[ECO "A52"]
[NIC "QG.01"]
[Time "11:02:49"]
[PlyCount "57"]
[TimeControl "4500+10"]

1. d4 Nf6 2. c4 e5 3. dxe5 Ng4 4. Nf3 Bc5 5. e3 Nc6 6. Nc3 O-O 7. Be2 Ngxe5
8. O-O d6 9. a3 a6 10. Nd4 Bd7 11. b4 Ba7 12. Bb2 Qg5 13. f4 Qh6 14. Nd5
Ng6 15. Nxc7 Nh4 16. Nxa8 Nxg2 17. Kxg2 Bh3+ 18. Kh1 Bxf1 19. Qxf1 Rxa8 20.
Nxc6 bxc6 21. Qf3 Re8 22. e4 Qg6 23. Bd3 Qh6 24. e5 dxe5 25. Bxe5 f6 26.
Qxc6 Rd8 27. Qe6+ Kh8 28. Bd6 Qh3 29. Qxh3 { Black resigns } 1-0

[Event "ICC tourney 2394 (75 10)"]
[Site "Internet Chess Club"]
[Date "2021.02.20"]
[Round "1"]
[White "grandmasted"]
[Black "thihansa"]
[Result "0-1"]
[ICCResult "White checkmated"]
[WhiteElo "827"]
[BlackElo "1268"]
[Opening "Queen's gambit declined"]
[ECO "D30"]
[NIC "QP.08"]
[Time "11:03:05"]
[PlyCount "96"]
[TimeControl "4500+10"]

1. d4 d5 2. c4 e6 3. cxd5 exd5 4. a3 Nf6 5. Nc3 Be7 6. e3 c6 7. Bd3 Nbd7 8.
Nf3 O-O 9. e4 dxe4 10. Bxe4 Nxe4 11. Nxe4 Nf6 12. Nxf6+ Bxf6 13. O-O Bg4
14. h3 Bh5 15. Bf4 Re8 16. Be3 Qd5 17. Rc1 Bxf3 18. Qxf3 Qxf3 19. gxf3 Rad8
20. Rcd1 Rd5 21. Rd3 Red8 22. Re1 h6 23. Red1 c5 24. Rb3 b6 25. Rb5 cxd4
26. Rxd5 Rxd5 27. Kg2 dxe3 28. Rxd5 e2 29. Rd8+ Bxd8 30. f4 e1=Q 31. f5
Qe4+ 32. f3 Qxf5 33. h4 Qc2+ 34. Kg3 Qxb2 35. a4 Qa3 36. h5 Qxa4 37. f4 Qb5
38. Kg4 f5+ 39. Kg3 Qd3+ 40. Kg2 Qe3 41. Kh2 Qf3 42. Kg1 Qe2 43. Kh1 Kf7
44. Kg1 Ke6 45. Kh1 Kd5 46. Kg1 Ke4 47. Kh1 Kf3 48. Kg1 Qg2# { White
checkmated } 0-1

[Event "ICC tourney 2394 (75 10)"]
[Site "Internet Chess Club"]
[Date "2021.02.20"]
[Round "1"]
[White "Yeetamus123"]
[Black "Ldon22"]
[Result "0-1"]
[ICCResult "White checkmated"]
[WhiteElo "1320"]
[BlackElo "988"]
[Opening "Sicilian: closed, 2...Nc6"]
[ECO "B23"]
[NIC "SI.44"]
[Time "11:02:49"]
[PlyCount "132"]
[TimeControl "4500+10"]

1. e4 c5 2. Nc3 Nc6 3. Bb5 g6 4. f4 Bg7 5. Nf3 Nf6 6. O-O O-O 7. Bxc6 dxc6
8. d3 Bg4 9. Qe1 Bxf3 10. Rxf3 Nh5 11. Qh4 Bf6 12. Qh3 c4 13. e5 Bh8 14. g4
Ng7 15. Qh6 f6 16. Rh3 Nh5 17. f5 Qd4+ 18. Be3 Qxg4+ 19. Rg3 Nxg3 20. hxg3
Qxg3+ 21. Kh1 g5 22. Bxg5 fxg5 23. Ne4 Qh4+ 24. Qxh4 gxh4 25. Rg1+ Kf7 26.
Ng5+ Ke8 27. Ne6 Bxe5 28. Nxf8 Kxf8 29. dxc4 Bxb2 30. Rb1 Bd4 31. Rxb7 Bb6
32. f6 Re8 33. fxe7+ Rxe7 34. Rb8+ Re8 35. Rb7 Re7 36. Rb8+ Kg7 37. c5 Bxc5
38. Rb3 Bb6 39. Rc3 Re6 40. Kg2 Kg6 41. Kf3 Re3+ 42. Rxe3 Bxe3 43. Kxe3 Kf5
44. Kf3 Ke5 45. Kg4 Kd4 46. Kxh4 Kc3 47. Kh5 Kxc2 48. Kh6 Kb2 49. Kxh7 Kxa2
50. Kg6 c5 51. Kf5 c4 52. Ke4 c3 53. Kd3 Kb2 54. Kc4 c2 55. Kb5 c1=Q 56.
Ka6 Qa1+ 57. Kb7 a5 58. Kb6 a4 59. Kb5 a3 60. Kb4 a2 61. Kb5 Qf1+ 62. Kb4
a1=Q 63. Kc5 Qa5+ 64. Kc6 Qf6+ 65. Kb7 Qab6+ 66. Ka8 Qf8# { White
checkmated } 0-1

[Event "ICC tourney 2394 (75 10)"]
[Site "Internet Chess Club"]
[Date "2021.02.20"]
[Round "1"]
[White "solid7"]
[Black "itg"]
[Result "1-0"]
[ICCResult "Black resigns"]
[WhiteElo "1274"]
[BlackElo "881"]
[Opening "Queen's gambit accepted"]
[ECO "D20"]
[NIC "QG.03"]
[Time "11:02:50"]
[PlyCount "67"]
[TimeControl "4500+10"]

1. d4 d5 2. c4 dxc4 3. Nc3 Nf6 4. e4 Nc6 5. d5 Ne5 6. Bxc4 Nxc4 7. Qa4+ c6
8. dxc6 Nb6 9. cxb7+ Bd7 10. bxa8=Q Nxa4 11. Qxd8+ Kxd8 12. Nxa4 Bxa4 13.
b3 Bc6 14. f3 g6 15. Bb2 Bg7 16. O-O-O+ Bd7 17. Nh3 Bh6+ 18. Kb1 Ke8 19. g4
Nxg4 20. fxg4 Bxg4 21. Bxh8 Bxd1 22. Rxd1 f6 23. Nf2 Kf7 24. Ng4 Bg5 25.
Rd8 h5 26. Nf2 Bh6 27. Nd1 Bf8 28. Ra8 g5 29. Rxa7 g4 30. Ra5 h4 31. Rh5 g3
32. Rxh4 g2 33. Rg4 g1=Q 34. Rxg1 { Black resigns } 1-0

[Event "ICC tourney 2394 (75 10)"]
[Site "Internet Chess Club"]
[Date "2021.02.20"]
[Round "1"]
[White "iszerencsy"]
[Black "bshesh131"]
[Result "0-1"]
[ICCResult "White checkmated"]
[WhiteElo "1371"]
[BlackElo "1033"]
[Opening "Giuoco Piano"]
[ECO "C54"]
[NIC "IG.02"]
[Time "11:02:52"]
[PlyCount "66"]
[TimeControl "4500+10"]

1. e4 e5 2. Nf3 Nc6 3. Bc4 Bc5 4. c3 Nf6 5. d4 exd4 6. e5 d5 7. Bb5 Ne4 8.
cxd4 Bb6 9. Nbd2 h6 10. Bd3 Bf5 11. Nb3 O-O 12. Be3 f6 13. exf6 Qxf6 14.
O-O a5 15. a3 a4 16. Nc1 Bg4 17. Be2 Rae8 18. Qxa4 Bxf3 19. gxf3 Nd6 20.
Qb3 Kh8 21. Qxd5 Bxd4 22. Qb3 Qh4 23. f4 Rf6 24. Qd3 Bxe3 25. fxe3 Nf5 26.
Bf3 Rxe3 27. Qd1 Rg6+ 28. Bg2 Ncd4 29. Qa4 Rxg2+ 30. Kxg2 Qh3+ 31. Kg1 Nf3+
32. Rxf3 Re1+ 33. Kf2 Qf1# { White checkmated } 0-1

[Event "ICC tourney 2394 (75 10)"]
[Site "Internet Chess Club"]
[Date "2021.02.20"]
[Round "1"]
[White "DevajVadher"]
[Black "pkcl"]
[Result "0-1"]
[ICCResult "White checkmated"]
[WhiteElo "913"]
[BlackElo "1284"]
[Opening "Giuoco Pianissimo"]
[ECO "C50"]
[NIC "IG.02"]
[Time "11:02:51"]
[PlyCount "88"]
[TimeControl "4500+10"]

1. e4 e5 2. Nf3 Nc6 3. Bc4 Bc5 4. d3 h6 5. Nc3 Nf6 6. Be3 Bb6 7. O-O d6 8.
h3 O-O 9. Re1 Re8 10. Qd2 Nh7 11. Nd5 Be6 12. Bb3 Na5 13. Nxb6 axb6 14. d4
exd4 15. Bxd4 Nf6 16. Bxe6 Rxe6 17. e5 dxe5 18. Bxe5 Qxd2 19. Nxd2 Rae8 20.
Nf3 Nd5 21. a3 Nc4 22. Bd4 Rxe1+ 23. Nxe1 c5 24. Bc3 Nxc3 25. bxc3 Nxa3 26.
Rxa3 Rxe1+ 27. Kh2 Re2 28. Ra8+ Kh7 29. Rb8 Rxf2 30. Rxb7 Rxc2 31. Rxb6
Rxc3 32. Rc6 c4 33. Rc5 Rc2 34. Rc8 c3 35. Rc4 f6 36. Kg3 h5 37. Kh2 Kg6
38. Kg3 Kh6 39. h4 g5 40. hxg5+ Kxg5 41. Rc5+ f5 42. Kh2 Rc1 43. Rc4 f4 44.
Kh3 Rh1# { White checkmated } 0-1

[Event "ICC tourney 2394 (75 10)"]
[Site "Internet Chess Club"]
[Date "2021.02.20"]
[Round "1"]
[White "SGOLD9367"]
[Black "Harshi28"]
[Result "1-0"]
[ICCResult "Black checkmated"]
[WhiteElo "1173"]
[BlackElo "420"]
[Opening "QGD: Ragozin, Vienna variation"]
[ECO "D39"]
[NIC "QG.05"]
[Time "11:02:56"]
[PlyCount "113"]
[TimeControl "4500+10"]

1. d4 d5 2. c4 dxc4 3. Nf3 Nf6 4. Nc3 e6 5. Bg5 Bb4 6. e3 b5 7. a4 Ba6 8.
axb5 Bxb5 9. Nd2 c6 10. Nxc4 O-O 11. Bd3 Nbd7 12. O-O Qc7 13. Bf4 Qb7 14.
Nd6 Bxd6 15. Bxd6 Bxd3 16. Qxd3 Rfd8 17. b4 e5 18. Ne4 Nxe4 19. Qxe4 Nf6
20. Qxe5 Re8 21. Qf5 Rad8 22. Bc5 Rd5 23. Qd3 Ne4 24. Qa6 Qxa6 25. Rxa6
Nxc5 26. bxc5 Rc8 27. Rxa7 h5 28. Rfa1 Rdd8 29. Rb7 Ra8 30. Rba7 Rab8 31.
g3 g5 32. Rc7 Rbc8 33. Raa7 Rf8 34. Re7 h4 35. Re5 Ra8 36. Rxg5+ Kh8 37.
Rxa8 Rxa8 38. Rh5+ Kg8 39. Rxh4 f6 40. Re4 f5 41. Re7 Kf8 42. Rc7 Ra1+ 43.
Kg2 Ra6 44. h4 Kg8 45. h5 Kh8 46. Rf7 Ra8 47. Rxf5 Kg8 48. g4 Kh8 49. g5
Rg8 50. f4 Kh7 51. Rf7+ Kh8 52. g6 Rxg6+ 53. hxg6 Kg8 54. f5 Kh8 55. f6 Kg8
56. Rc7 Kh8 57. Rc8# { Black checkmated } 1-0

[Event "ICC tourney 2394 (75 10)"]
[Site "Internet Chess Club"]
[Date "2021.02.20"]
[Round "1"]
[White "ruthvikal"]
[Black "icywhit"]
[Result "1-0"]
[ICCResult "Black resigns"]
[WhiteElo "397"]
[BlackElo "1139"]
[Opening "Four knights: Spanish, classical defense"]
[ECO "C48"]
[NIC "KP.03"]
[Time "11:02:54"]
[PlyCount "84"]
[TimeControl "4500+10"]

1. e4 e5 2. Nf3 Nc6 3. Bb5 Nf6 4. Nc3 Bc5 5. O-O O-O 6. d3 d6 7. Bg5 Bg4 8.
Bxc6 bxc6 9. a3 Rb8 10. Na4 Bb6 11. Rc1 d5 12. exd5 cxd5 13. h3 Bxf3 14.
Qxf3 Qd6 15. Bxf6 Qxf6 16. Qxd5 Qd6 17. Qxd6 cxd6 18. Nxb6 Rxb6 19. b4 f5
20. Rfd1 d5 21. c4 dxc4 22. dxc4 Ra6 23. Rd5 Rxa3 24. Rxe5 Ra4 25. b5 Rb4
26. Re7 Rc8 27. Ra1 Rbxc4 28. Raxa7 Rb4 29. Rxg7+ Kf8 30. Raf7+ Ke8 31.
Rxh7 Rxb5 32. Rfg7 Kf8 33. Rf7+ Kg8 34. Rc7 Rd8 35. g3 Rb1+ 36. Kg2 Rdd1
37. Rhg7+ Kf8 38. Rcf7+ Ke8 39. Rxf5 Rg1+ 40. Kf3 Rb3+ 41. Kg4 Rb4+ 42. Kg5
Rd1 { Black resigns } 1-0

[Event "ICC tourney 2394 (75 10)"]
[Site "Internet Chess Club"]
[Date "2021.02.20"]
[Round "1"]
[White "proabhi19"]
[Black "drquinzel"]
[Result "1-0"]
[ICCResult "Black checkmated"]
[WhiteElo "1218"]
[BlackElo "704"]
[Opening "Ruy Lopez: Berlin defense"]
[ECO "C65"]
[NIC "RL.07"]
[Time "11:02:52"]
[PlyCount "99"]
[TimeControl "4500+10"]

1. e4 e5 2. Nf3 Nc6 3. Bb5 Nf6 4. Qe2 Bc5 5. O-O O-O 6. h3 Nd4 7. Nxd4 Bxd4
8. c3 Bb6 9. Rd1 c6 10. Bc4 d5 11. exd5 cxd5 12. Bd3 e4 13. Bc2 Re8 14. d4
Bf5 15. Bf4 Bc7 16. Bxc7 Qxc7 17. Qe3 h6 18. Nd2 Re7 19. Nb3 Rae8 20. Re1
a5 21. Nd2 b5 22. Rac1 b4 23. cxb4 axb4 24. Ba4 Qa5 25. Bxe8 Rxe8 26. Ra1
Qa7 27. Nf1 Bd7 28. Qd2 Qb6 29. a4 Qa5 30. b3 Bc8 31. Ne3 Re6 32. Rec1 Ba6
33. Rc5 Qb6 34. Nxd5 Nxd5 35. Rxd5 Bb7 36. Rb5 Qc7 37. d5 Rd6 38. Qxb4 Bxd5
39. Rc5 Qe7 40. Rxd5 Qf6 41. Rad1 Rb6 42. Rd8+ Kh7 43. Qxe4+ g6 44. Qe8 Qg7
45. R1d7 Qa1+ 46. Kh2 h5 47. Rxf7+ Kh6 48. Qh8+ Kg5 49. f4+ Kh4 50. g3# {
Black checkmated } 1-0

[Event "ICC tourney 2394 (75 10)"]
[Site "Internet Chess Club"]
[Date "2021.02.20"]
[Round "1"]
[White "oxdidi"]
[Black "chess278"]
[Result "0-1"]
[ICCResult "White resigns"]
[WhiteElo "993"]
[BlackElo "1323"]
[Opening "Caro-Kann: advance variation"]
[ECO "B12"]
[NIC "CK.04"]
[Time "11:02:55"]
[PlyCount "110"]
[TimeControl "4500+10"]

1. e4 c6 2. d4 d5 3. e5 Bf5 4. Nf3 e6 5. Bg5 Be7 6. Bxe7 Nxe7 7. Nc3 Nd7 8.
Be2 h6 9. h3 Rc8 10. O-O O-O 11. Qd2 Qa5 12. Rfe1 a6 13. Bd3 Bxd3 14. Qxd3
c5 15. Rad1 Ng6 16. Ne2 Qxa2 17. Rb1 Qa5 18. Ra1 Qc7 19. Ng3 cxd4 20. Nxd4
Ndxe5 21. Qd2 Rfd8 22. Qe2 Nc6 23. Nxc6 Qxc6 24. Rac1 Qc4 25. Qxc4 dxc4 26.
Red1 Nf4 27. Rxd8+ Rxd8 28. b3 cxb3 29. cxb3 Nd5 30. Rd1 Kf8 31. b4 Ke7 32.
Rb1 Nc3 33. Rc1 Rd1+ 34. Rxd1 Nxd1 35. Kf1 Nc3 36. Ke1 Nd5 37. Ne4 b6 38.
Kd2 Nxb4 39. Kc3 Nd5+ 40. Kc4 Kd7 41. g3 Kc6 42. f4 b5+ 43. Kb3 a5 44. h4
f5 45. Nf2 a4+ 46. Ka3 Kb6 47. Nd3 Ka5 48. Nc5 b4+ 49. Ka2 Nc7 50. h5 Kb5
51. Nd3 Kc4 52. Nb2+ Kb5 53. Nd3 Nd5 54. Ne5 Nc3+ 55. Kb2 Ne2 { White
resigns } 0-1

[Event "ICC tourney 2394 (75 10)"]
[Site "Internet Chess Club"]
[Date "2021.02.20"]
[Round "1"]
[White "gmstuartscott"]
[Black "auggie29"]
[Result "0-1"]
[ICCResult "White resigns"]
[WhiteElo "981"]
[BlackElo "1306"]
[Opening "Queen's pawn game"]
[ECO "E10"]
[NIC "QI.01"]
[Time "11:03:02"]
[PlyCount "98"]
[TimeControl "4500+10"]

1. d4 Nf6 2. Nf3 e6 3. c4 d5 4. Bf4 c5 5. e3 Nc6 6. Nc3 Bd6 7. Bg5 cxd4 8.
exd4 Be7 9. Bd3 O-O 10. O-O Na5 11. b3 b6 12. Ne5 Bb7 13. Qd2 Nc6 14. Qe3
h6 15. Bf4 Nxe5 16. Bxe5 Ng4 17. Qe2 Nxe5 18. dxe5 Qc7 19. cxd5 Qxc3 20.
Qe4 g6 21. Qe3 Bxd5 22. Rac1 Qb4 23. Qxh6 Qh4 24. Qxh4 Bxh4 25. f4 Rac8 26.
Rcd1 Rc7 27. g3 Be7 28. f5 Bc5+ 29. Rf2 Bxf2+ 30. Kxf2 gxf5 31. Ke3 Rc3 32.
Kd4 Rfc8 33. h4 Be4 34. Ke3 Rd8 35. Kf4 Rcxd3 36. Rg1 Rf3+ 37. Kg5 Rdd3 38.
Kf6 Kf8 39. h5 Rxg3 40. Rc1 Rc3 41. Rd1 Rc8 42. Rd7 Kg8 43. Rxf7 Rf8 44.
Kxe6 Rxf7 45. Kd6 f4 46. e6 f3 47. e7 Rxe7 48. Kxe7 f2 49. h6 f1=Q { White
resigns } 0-1